 Dungeon Crawl Stone Soup version 0.17-b1-15-g0f5fb43 (webtiles) character file.

241 4thArraOfDagon the Insei (level 5, -5/38 HPs)
             Began as a Demonspawn Assassin on Nov 3, 2015.
             Slain by a centaur (7 damage)
             ... on level 6 of the Dungeon.
             The game lasted 00:04:08 (596 turns).

4thArraOfDagon the Insei (Demonspawn Assassin)       Turns: 596, Time: 00:04:08

Health: -5/38      AC:  6    Str: 11    XL:     5   Next: 80%
Magic:  0/5        EV: 10    Int: 14    God:
Gold:   66         SH:  0    Dex: 18    Spells: 0 memorised, 4 levels left

rFire  . . .     SeeInvis .     n - +5 mace of Unreason {speed, *Rage rElec rPois Dex+4}
rCold  . . .     Rnd*Rage +     j - +0 ring mail
rNeg   + + .     SustAt   .     (no shield)
rPois  +         Gourm    .     (no helmet)
rElec  +         Spirit   +     l - +0 cloak
rCorr  .         Warding  +     (no gloves)
rMut   .         Stasis   .     (no boots)
MR     .....                    p - amulet of warding
Stlth  ++........               (no ring)
                                h - ring of positive energy

@: not resistant to hostile enchantments, unstealthy
A: hooves 1, demonic guardian 1, magic shield, magic regeneration
a: no special abilities


You were on level 6 of the Dungeon.
You were not hungry.

You visited 1 branch of the dungeon, and saw 6 of its levels.

You collected 66 gold pieces.

Inventory:

Hand Weapons
 a - a +2 dagger
 b - a +0 blowgun
 c - a +2 whip of freezing
 e - a +4 quarterstaff of chaos
 n - the +5 mace of Unreason (weapon) {speed, *Rage rElec rPois Dex+4}
   (You found it on level 4 of the Dungeon)

   Attacks with this weapon are significantly faster.
   It affects your dexterity (+4).
   It insulates you from electricity.
   It protects you from poison.
   It may make you go berserk in combat.
Missiles
 f - 2 curare-tipped needles
 m - 6 poisoned needles
Armour
 d - a +0 cloak
 j - a +0 ring mail (worn)
 l - a +0 cloak (worn)
Jewellery
 h - a ring of positive energy (left hand)
 p - an amulet of warding (around neck)
Wands
 q - a wand of lightning (0)
Comestibles
 g - 4 bread rations
 i - a chunk of flesh


   Skills:
 - Level 2.0 Fighting
 - Level 1.7 Short Blades
 - Level 1.7 Throwing
 - Level 0.8 Dodging
 - Level 3.6 Stealth
 * Level 5.2 Unarmed Combat


You had 4 spell levels left.
You didn't know any spells.

Dungeon Overview and Level Annotations

Branches:
Dungeon (6/15)
 Temple: D:4-7

Altars:
Ashenzari
Gozag


Innate Abilities, Weirdness & Mutations

You have large cloven feet.
A weak demonic guardian rushes to your aid.
When hurt, damage is shared between your health and your magic reserves.
You regenerate magic rapidly.


Message History

The giant frog misses your crimson imp.
Unknown command.
Evoke which item? (* to show all) (? for menu, Esc to quit)
Zapping:
q - a wand of lightning {zapped: 8} (will waste charges)
Press: ? - help, Shift-Dir - straight line You hear a mighty clap of thunder!
The bolt of lightning hits the giant frog.
You kill the giant frog!
The bolt of lightning misses the centaur.
Your Unarmed Combat skill increases to level 5!
You feel a bit more experienced.
Evoking this partially-identified wand wasted a few charges.
The centaur shoots an arrow.
The arrow closely misses you.
The orc priest completely misses your crimson imp.
Unknown command.
You swap places.
An orc warrior comes into view. It is wielding a trident.
The centaur unwields an uncursed shortbow.
The centaur hits you!
You die...

### ... ## #.# .#
#o#..##
#########c#...###
....Z..5@o.......
#########.#.#..#
#.# #####'####
#........#
#........#
#........#
#........+
#........#


You could see an orc warrior, a centaur, an orc priest, a wyvern zombie and a
friendly crimson imp.

Vanquished Creatures
  A giant frog (D:6)
  A hound (D:5)
  An orc wizard (D:4)
  Crazy Yiuf (D:4)
  2 orc priests
  A worker ant (D:4)
  2 giant geckos
  4 orcs
  A giant cockroach (D:3)
  A goblin (D:2)
  A bat (D:2)
  2 giant newts
  A kobold (D:3)
  2 rats (D:2)
21 creatures vanquished.

Notes
Turn   | Place    | Note
--------------------------------------------------------------
     0 | D:1      | 4thArraOfDagon the Demonspawn Assassin began the quest for the Orb.
     0 | D:1      | Reached XP level 1. HP: 16/16 MP: 1/1
    65 | D:2      | Found a shattered altar of Ashenzari.
   117 | D:2      | Reached skill level 1 in Unarmed Combat
   228 | D:4      | Noticed a worker ant
   233 | D:4      | Killed a worker ant
   233 | D:4      | Gained mutation: When hurt, damage is shared between your health and your magic reserves. [demonic ancestry]
   233 | D:4      | Reached XP level 2. HP: 16/22 MP: 2/2
   233 | D:4      | Gained mutation: You regenerate magic rapidly. [demonic ancestry]
   233 | D:4      | Reached XP level 3. HP: 19/27 MP: 3/3
   240 | D:4      | Noticed an orc priest
   251 | D:4      | Killed an orc priest
   258 | D:4      | Noticed an orc wizard
   273 | D:4      | Gained mutation: You have large cloven feet. [demonic ancestry]
   273 | D:4      | Reached XP level 4. HP: 26/33 MP: 4/4
   314 | D:4      | Found an opulent altar of Gozag.
   344 | D:4      | Noticed Crazy Yiuf
   361 | D:4      | Killed Crazy Yiuf
   390 | D:4      | Got an ivory mace
   391 | D:4      | Identified the +5 mace of Unreason {speed, *Rage rElec rPois Dex+4} (You found it on level 4 of the Dungeon)
   424 | D:4      | Killed an orc wizard
   424 | D:4      | Reached skill level 4 in Unarmed Combat
   448 | D:5      | Entered Level 5 of the Dungeon
   490 | D:5      | Gained mutation: A weak demonic guardian rushes to your aid. [demonic ancestry]
   490 | D:5      | Reached XP level 5. HP: 33/38 MP: 5/5
   590 | D:6      | Noticed a centaur
   595 | D:6      | Reached skill level 5 in Unarmed Combat
   596 | D:6      | Noticed an orc warrior
   596 | D:6      | Slain by a centaur

Action                   |  1- 3 |  4- 6 || total
-------------------------+-------+-------++-------
Melee: Dagger            |    22 |    15 ||    37
       Mace              |       |    20 ||    20
 Fire: Blowgun           |    13 |     9 ||    22
Evoke: Wand              |       |     4 ||     4
  Use: Scroll            |     2 |       ||     2
       Potion            |       |     2 ||     2
 Stab: Sleeping          |     5 |     1 ||     6
